 Dungeon Crawl Stone Soup version 0.32-a0-7-ge934b4519a (webtiles) character file.

Game seed: 18006744948277150532

40 timneilson the Changeling (level 3, 0/23 HPs)
             Began as an Octopode Shapeshifter on Jan 13, 2024.
             Frozen to death by an endoplasm (4 damage)
             ... on level 2 of the Dungeon.
             The game lasted 00:02:49 (1063 turns).

timneilson the Changeling (Octopode Shapeshifter)   Turns: 1063, Time: 00:02:51

Health: 0/23       AC:  1    Str: 15    XL:     3   Next: 50%
Magic:  3/3        EV:  7    Int: 12    God:
Gold:   18         SH:  0    Dex: 11    Spells: 2/2 levels left

rFire   . .          .
                       - Unarmed
rCold   . . .        (no shield)
rNeg    . . .        (helmet currently unavailable)
rPois   .            (no amulet)
rElec   .            (no ring)
rCorr   .            (no ring)
SInv    .            (no ring)
Will    .....        (no ring)
Stlth   ++           (no ring)
HPRegen 0.23/turn    (no ring)
MPRegen 0.08/turn    (no ring)
                     (no ring)

%: no passive effects
@: beast-form, held
A: beast (slay +1), almost no armour, amphibious, 8 rings, camouflage 1,
gelatinous body 1, (nimble swimmer 1), tentacles
a: Begin Untransformation


You were on level 2 of the Dungeon.
You were a hulking beast.
You visited 1 branch of the dungeon, and saw 2 of its levels.

You collected 18 gold pieces.

Inventory:

Talismans
 b - a beast talisman
 c - a flux talisman
 d - a serpent talisman
Potions
 a - a potion of lignification


   Skills:
 * Level 1.5 Fighting
 * Level 2.5 Dodging
 + Level 1.1 Stealth
 * Level 3.3 Unarmed Combat
 * Level 3.3 Shapeshifting


You had 2 spell levels left.
You didn't know any spells.
Your spell library contained the following spells:

 Spells                   Type           Power      Damage    Failure   Level
 Apportation              Tloc           0%         N/A       32%         1
 Jinxbite                 Hex            0%         N/A       45%         2
 Ignite Poison            Fire/Alch      0%         N/A       97%         4
 Sticky Flame             Fire/Alch      0%         2d4       97%         4
 Alistair's Intoxication  Alch           0%         N/A       100%        5
 Ignition                 Fire           0%         3d3       100%        8


Dungeon Overview and Level Annotations

Branches:
Dungeon (2/15)

Altars:


Innate Abilities, Weirdness & Mutations

You are a hulking beast.
Your limbs bulge with bestial killing power. (Slay +1)
You cannot wear most types of armour.
You are amphibious.
You can wear up to eight rings at the same time.
Your skin changes colour to match your surroundings (Stealth+).
Your rubbery body absorbs attacks. (AC +1, EV +1)
((You are camouflaged when in or above water. (Stealth+)))
You have tentacles for arms and can constrict up to eight enemies at once.


Message History

There is a stone staircase leading down here.
A ribbon worm comes into view.
An endoplasm comes into view.
The endoplasm quivers.
A bat comes into view.
The ribbon worm expels a string of sticky webbing.
The stream of webbing hits you but does no damage.
You are caught in a web!
There is a web here.
The web tears apart.
The ribbon worm misses you.
You tentacle-slap the ribbon worm. Your grab misses the ribbon worm.
The ribbon worm is moderately wounded.
The ribbon worm barely misses you.
You tentacle-slap the ribbon worm but do no damage.
Your grab misses the ribbon worm.
The ribbon worm is moderately wounded.
You barely miss the ribbon worm. Your grab misses the ribbon worm.
The ribbon worm is moderately wounded.
The bat closely misses you. The endoplasm freezes you.
You are frozen.
The ribbon worm bites you!
You tentacle-slap the ribbon worm. You grab the ribbon worm.
The ribbon worm is heavily wounded.
You constrict the ribbon worm, but do no damage.
The bat barely misses you. The endoplasm hits you.
The ribbon worm expels a string of sticky webbing.
The stream of webbing hits you but does no damage.
You are caught in a web!
You struggle to detach yourself from the web.
You constrict the ribbon worm. The bat hits you. The endoplasm freezes you.
You are frozen.
* * * LOW HITPOINT WARNING * * *
You struggle to detach yourself from the web.
You constrict the ribbon worm. The ribbon worm barely misses you.
The bat hits you.
* * * LOW HITPOINT WARNING * * *
The endoplasm freezes you.
You are frozen.
You die...

####### #####
#.....###...########
#......#............
#......#.........####
####...#............#
..##...#............####
..##...#................
...>............hw......
................Jb......
.......#................
..#)...#................
.......#....#####.......
.......#...... .......
........#+##... .......
........# ... .......
.......


You could see a ribbon worm (catching breath), an endoplasm and a bat.

Vanquished Creatures
  A gnoll (D:1)
  A ball python (D:1)
  7 bats (D:1)
  3 endoplasms (D:1)
  A giant cockroach (D:1)
  2 goblins (D:1)
  A hobgoblin (D:1)
  8 kobolds
  A frilled lizard (D:1)
  4 rats (D:1)
29 creatures vanquished.

Notes
Turn   | Place    | Note
-------+----------+-------------------------------------------
     0 | D:1      | timneilson the Octopode Shapeshifter began the quest for
                  | the Orb.
     0 | D:1      | Reached XP level 1. HP: 13/13 MP: 1/1
    44 | D:1      | Reached XP level 2. HP: 10/18 MP: 2/2
   274 | D:1      | Found a faded altar of an unknown god.
   287 | D:1      | Reached skill level 1 in Stealth
   416 | D:1      | Reached XP level 3. HP: 23/23 MP: 3/3
  1063 | D:2      | Frozen to death by an endoplasm

Illustrated notes

Levels and vault maps discovered:
D:1:      co_arrival_random_square_maze, layout_loops_corners,
          shapermc_ecumenical_altar_starsandcircs, nicolae_grassy_gnolls
D:2:      layout_basic, basic_altar, feat_on_display

Skill      XL: |  1  2 |
---------------+-------+-----
Stealth        | 1 |  1.1
Fighting       | |  1.5
Dodging        | |  2.5
Unarmed Combat | |  3.3
Shapeshifting  | |  3.3

Action                     || total
---------------------------++-------
  Melee: Unarmed           ||    54
         Constrict         ||    15
         Tentacles         ||    10
    Use: Scroll            ||     2
   Stab: Sleeping          ||     6
 Armour: Skin              ||    32
  Dodge: Dodged            ||    32

Table legend: (Time is in decaauts)
 A = Elapsed time spent in this place.
 B = Non-inter-level travel time spent in this place.
 C = Inter-level travel time spent in this place.
 D = Time resting spent in this place.
 E = Time spent auto-exploring this place.
 F = Levels seen in this place.
 G = Mean time per level.
                   A        B        C        D        E       F      G
               +--------+--------+--------+--------+--------+-----+--------+
         Total |   1059 |   1017 |     42 |      0 |    798 |   2 |  529.5 |
       Dungeon |   1059 |   1017 |     42 |      0 |    798 |   2 |  529.5 |
               +--------+--------+--------+--------+--------+-----+--------+

Top non-repeatable levels by time:
     D:1: 1015 daAuts
     D:2: 43 daAuts
